[Event "Team 45 45 League T52"]
[Site "Internet Chess Club"]
[Date "2012.03.11"]
[Round "4"]
[White "oldsj"]
[Black "BotanicalKnight"]
[Result "1/2-1/2"]
[WhiteElo "1514"]
[BlackElo "1503"]
[Opening "Philidor's defense"]
[ECO "C41"]
[Time "14:03:24"]
[TimeControl "2700+45"]

1. e4 e5 2. Nf3 d6 3. d4 Qe7 4. Nc3 c6 5. dxe5 dxe5 6. Bg5 Nf6 7. Qd2 Bg4 8.
O-O-O Nbd7 9. h3 Bh5 10. Be2 O-O-O 11. Nh4 Bxe2 12. Qxe2 g6 13. Qe3 Kb8 14. Rd2
Bg7 15. Rhd1 h6 16. Bxf6 Bxf6 17. Nf3 Nb6 18. Rxd8+ Rxd8 19. Rxd8+ Qxd8 20. Qe2
{Game drawn by mutual agreement} 1/2-1/2

[Event "Team 45 45 League T52"]
[Site "Internet Chess Club"]
[Date "2012.03.10"]
[Round "4"]
[White "ben304"]
[Black "DouDou"]
[Result "1-0"]
[WhiteElo "1706"]
[BlackElo "1490"]
[Opening "Ruy Lopez: 5.O-O"]
[ECO "C78"]
[Time "14:02:26"]
[TimeControl "2700+45"]

1. e4 e5 2. Nf3 Nc6 3. Bb5 a6 4. Ba4 Nf6 5. O-O b5 6. Bb3 Bc5 7. Nxe5 Nxe5 8. d4
Bxd4 9. Qxd4 d6 10. f3 O-O 11. a4 c5 12. Qf2 Rb8 13. axb5 Rxb5 14. Nc3 Rb8 15.
Bg5 Bb7 16. Bd5 Bxd5 17. Nxd5 Ned7 18. b3 Ra8 19. Qg3 Kh8 20. Qxd6 Re8 21. Nc7
Re5 22. Bxf6 Qxf6 23. Qxf6 Nxf6 24. Nxa8 g6 25. Nc7 Kg7 26. Rxa6 Nd7 27. Nd5 Kh6
28. Rd1 Nf8 29. Rc6 Ne6 30. c3 Rg5 31. f4 Rh5 32. Nf6 Rh4 33. g3 Rh3 34. Kg2
Nxf4+ 35. gxf4 Rxc3 36. Rb1 Rc2+ 37. Kg3 Rc3+ 38. Kg4 Rc2 39. Rc7 Kg7 40. e5
Rxh2 41. Rxc5 Rg2+ 42. Kf3 Rd2 43. b4 {Black resigns} 1-0

[Event "Team 45 45 League T52"]
[Site "Internet Chess Club"]
[Date "2012.03.11"]
[Round "4"]
[White "chess-fan"]
[Black "portis2"]
[Result "0-1"]
[WhiteElo "1631"]
[BlackElo "1520"]
[Opening "Caro-Kann: advance variation"]
[ECO "B12"]
[Time "22:00:49"]
[TimeControl "2700+45"]

1. e4 c6 2. d4 d5 3. e5 Bf5 4. Nf3 e6 5. Be2 Nd7 6. O-O Ne7 7. Be3 Qb6 8. b3 Ng6
9. Nbd2 Be7 10. c4 dxc4 11. Nxc4 Qc7 12. Nb2 Nb6 13. Nd3 Rd8 14. Qd2 h6 15. Qb2
Nd5 16. Rac1 a6 17. Qd2 O-O 18. Nfe1 Ba3 19. Rd1 Rd7 20. Nc2 Bxd3 21. Bxd3 Nxe3
22. Qxe3 Qa5 23. Rb1 Be7 24. Ra1 c5 25. dxc5 Bxc5 26. Qg3 Nxe5 27. Rfd1 Rfd8 28.
Be2 Rxd1+ 29. Rxd1 Rxd1+ 30. Bxd1 Qd2 31. Ne3 Bxe3 32. fxe3 Qxd1+ 33. Kf2 Nd3#
{White checkmated} 0-1

[Event "Team 45 45 League T52"]
[Site "Internet Chess Club"]
[Date "2012.03.11"]
[Round "4"]
[White "KyleMayhugh"]
[Black "hi12980"]
[Result "1-0"]
[WhiteElo "1495"]
[BlackElo "1627"]
[Opening "Ruy Lopez: 5.O-O"]
[ECO "C78"]
[Time "22:00:49"]
[TimeControl "2700+45"]

1. e4 e5 2. Nf3 Nc6 3. Bb5 a6 4. Ba4 Nf6 5. O-O b5 6. Bb3 Bc5 7. c3 d6 8. d4 Bb6
9. dxe5 dxe5 10. Qxd8+ Nxd8 11. Nxe5 O-O 12. Bg5 Re8 13. Nf3 Nxe4 14. Bd5 Bb7
15. Bxe4 Rxe4 16. Nbd2 Re8 17. Rae1 Ne6 18. Be3 Nc5 19. Rd1 Nd3 20. Bxb6 cxb6
21. b3 Rac8 22. c4 bxc4 23. Nxc4 Bxf3 24. gxf3 Ne5 25. Nd6 Nxf3+ 26. Kg2 Nh4+
27. Kh3 g5 28. Nxc8 Rxc8 29. Rc1 Rd8 30. Rfd1 Re8 31. Rc2 f5 32. Rc6 Rb8 33.
Rdd6 Kh8 34. Rxb6 Rc8 35. Rbc6 Re8 36. Rxa6 Rc8 37. Rac6 Ra8 38. a4 Rb8 39. b4
Rxb4 40. Rc8+ Kg7 41. Rc7+ Kf8 42. Rd8# {Black checkmated} 1-0

[Event "Team 45 45 League T52"]
[Site "Internet Chess Club"]
[Date "2012.03.10"]
[Round "4"]
[White "almond123"]
[Black "QuimCatala"]
[Result "0-1"]
[WhiteElo "1293"]
[BlackElo "1436"]
[Opening "Sicilian: Taimanov variation"]
[ECO "B49"]
[Time "16:00:10"]
[TimeControl "2700+45"]

1. e4 c5 2. Nf3 Nc6 3. d4 cxd4 4. Nxd4 Qc7 5. Nc3 a6 6. Be2 e6 7. Be3 Nf6 8. O-O
b5 9. a3 h5 10. Qd2 Bb7 11. Bf3 h4 12. h3 Ne5 13. Qe2 Nxf3+ 14. Qxf3 Bd6 15.
Rfe1 Bh2+ 16. Kh1 Be5 17. Rad1 Rh5 18. Nde2 Rf5 19. Bf4 Rh5 20. Qe3 Rc8 21. f3
Qc5 22. Qd2 Bxc3 23. Nxc3 b4 24. axb4 Qxb4 25. e5 Nd5 26. Nxd5 Qxd2 27. Rxd2
Bxd5 28. Red1 g5 29. Bh2 Ke7 30. Ra1 Rc6 31. b3 Rb6 32. Rdd1 Rh8 33. Kg1 Rc8 34.
Rdc1 Rc3 35. Kf2 f6 36. exf6+ Kxf6 37. Ke2 Bc6 38. Kd2 Rc5 39. Bg1 Rd5+ 40. Kc3
Rbb5 41. Rxa6 Ke5 42. Rb6 Kf4 43. Rxb5 Rxb5 44. Bh2+ Ke3 45. Rd1 Kf2 46. Rd2+
Kf1 47. Rd1+ Kxg2 48. Bd6 Kxf3 49. Rd3+ Ke2 50. Be7 Rf5 51. b4 d5 52. Kd4 e5+
53. Kc5 Ba4 54. Rxd5 Bxc2 55. b5 Bb3 56. Rd8 e4+ 57. Kc6 Bd5+ 58. Kc7 e3 59. b6
Kd3 60. b7 e2 61. b8=Q e1=Q 62. Qb3+ Qc3+ 63. Qxc3+ Kxc3 64. Rg8 Bxg8 {White
resigns} 0-1

[Event "Team 45 45 League T52"]
[Site "Internet Chess Club"]
[Date "2012.03.12"]
[Round "4"]
[White "Terlizzi"]
[Black "quotha"]
[Result "0-1"]
[WhiteElo "1667"]
[BlackElo "1649"]
[Opening "Philidor's defense"]
[ECO "C41"]
[Time "15:14:45"]
[TimeControl "2700+45"]

1. e4 e5 2. Nf3 d6 3. Nc3 Be7 4. Be2 Nf6 5. d3 O-O 6. O-O h6 7. Bd2 c6 8. d4 Bg4
9. dxe5 dxe5 10. Nxe5 Be6 11. Nd3 Qc7 12. f4 Rd8 13. f5 Bc4 14. Kh1 Nbd7 15. e5
Bxd3 16. exf6 Bxe2 17. Qxe2 Bxf6 18. Ne4 Bxb2 19. Rab1 Bf6 20. Qg4 Kh7 21. Bf4
Be5 22. f6 g6 23. Bxh6 Nxf6 24. Nxf6+ Bxf6 25. Qh3 Qd7 26. Qe3 Bg7 27. Bxg7 Kxg7
28. Qe5+ Kg8 29. Rb3 Qf5 30. Qxf5 gxf5 31. Rxb7 Rd5 32. h3 a5 33. a4 Rad8 34.
Ra7 Rc5 35. h4 Rd4 36. g3 Rxa4 37. Rf2 Ra1+ 38. Kg2 a4 39. c3 Kg7 40. h5 Rc1 41.
Rxa4 R1xc3 42. Raf4 Rc2 43. Rxc2 Rxc2+ 44. Kh3 Rc5 45. Kh4 f6 46. Rd4 Rd5 47.
Rc4 c5 48. Ra4 Rd4+ 49. Rxd4 cxd4 {White resigns} 0-1

[Event "Team 45 45 League T52"]
[Site "Internet Chess Club"]
[Date "2012.03.10"]
[Round "4"]
[White "Hapa-Haole"]
[Black "AVEMARIA"]
[Result "1/2-1/2"]
[WhiteElo "1622"]
[BlackElo "1614"]
[Opening "QGD Slav: Dutch variation"]
[ECO "D18"]
[Time "13:01:09"]
[TimeControl "2700+45"]

1. d4 d5 2. Nf3 Nf6 3. c4 c6 4. Nc3 dxc4 5. a4 Bf5 6. e3 e6 7. Bxc4 Bb4 8. O-O
O-O 9. Nh4 Bg4 10. Nf3 a5 11. Be2 Nbd7 12. Bd2 Qe7 13. Ng5 Bxe2 14. Qxe2 e5 15.
dxe5 Nxe5 16. f4 Neg4 17. e4 h6 18. Nf3 Bxc3 19. Bxc3 Qxe4 20. Qxe4 Nxe4 21. Ne5
Ngf6 22. Be1 Rfd8 23. Rf3 Nd2 24. Bxd2 Rxd2 25. Nc4 Rc2 26. Nb6 Rd8 27. b3 Rdd2
28. Rg3 Nh5 29. Rg4 f5 30. Rh4 Rxg2+ 31. Kh1 Nf6 32. Nc4 Ng4 33. Rf1 Rxh2+ 34.
Rxh2 Rxh2+ 35. Kg1 Re2 36. Nxa5 Re7 37. Rd1 Nf6 38. Rd8+ Kh7 39. Kf2 Nd5 40. Kf3
g5 41. fxg5 hxg5 42. Rb8 Kg7 43. Nxb7 Re3+ 44. Kf2 Rxb3 45. a5 Nc7 46. Ke2 Na6
47. Ra8 Rxb7 48. Rxa6 Rb5 49. Ra7+ Kf6 50. a6 Ra5 51. Ra8 Ke7 52. a7 Kd7 53. Rf8
Ra2+ 54. Kd1 Ke6 55. a8=Q Rxa8 56. Rxa8 g4 57. Rc8 Kd5 58. Ke2 c5 59. Ke3 c4 60.
Rd8+ Kc5 61. Kf4 Kb4 62. Kxf5 g3 63. Rg8 c3 64. Rxg3 c2 65. Rg1 Kc3 66. Ke4 Kd2
67. Rg2+ Kc3 68. Rg3+ Kb2 69. Rg2 Kc3 70. Rxc2+ Kxc2 {Game drawn because neither
player has mating material} 1/2-1/2

[Event "Team 45 45 League T52"]
[Site "Internet Chess Club"]
[Date "2012.03.09"]
[Round "4"]
[White "Warpdrive"]
[Black "dschesq"]
[Result "0-1"]
[WhiteElo "1660"]
[BlackElo "1651"]
[Opening "Sicilian: Kan variation"]
[ECO "B41"]
[Time "20:04:07"]
[TimeControl "2700+45"]

1. e4 c5 2. Nf3 e6 3. d4 cxd4 4. Nxd4 a6 5. Be2 b5 6. O-O Bb7 7. Bf3 Nc6 8. e5
Qc7 9. Nxc6 Bxc6 10. Re1 Rc8 11. Bxc6 Qxc6 12. c3 Ne7 13. a4 b4 14. cxb4 Nd5 15.
b5 axb5 16. axb5 Qxb5 17. Qa4 Qe2 18. Bd2 Qd3 19. Qa6 Qxa6 20. Rxa6 Bc5 21. Nc3
Nb4 22. Ra4 Nd3 23. Be3 Bxe3 24. Rxe3 Nxb2 25. Rb4 Nc4 26. Rg3 Nxe5 27. f4 Nc6
28. Ra4 O-O 29. Ne4 Kh8 30. Nd6 Rb8 31. f5 Kg8 32. f6 g6 33. Rga3 h5 34. Ra2 Ne5
35. h3 Rb6 36. Rd2 Rfb8 37. Ne4 d5 38. Ng5 R6b7 39. Rda2 Rf8 40. Ra7 Rxa7 41.
Rxa7 Rd8 42. Kf2 Nd7 43. Ke3 Kf8 44. Kd4 Ke8 45. g4 hxg4 46. hxg4 Rc8 47. Nxf7
Kxf7 48. Rxd7+ Kxf6 {White resigns} 0-1

[Event "Team 45 45 League T52"]
[Site "Internet Chess Club"]
[Date "2012.03.17"]
[Round "4"]
[White "rookmaster23"]
[Black "whiskeytown"]
[Result "1-0"]
[WhiteElo "1553"]
[BlackElo "1424"]
[Opening "Budapest: Adler variation"]
[ECO "A52"]
[Time "15:00:29"]
[TimeControl "2700+45"]

1. d4 Nf6 2. c4 e5 3. dxe5 Ng4 4. Nf3 Bc5 5. e3 Nc6 6. Be2 Ngxe5 7. O-O O-O 8.
b3 Nxf3+ 9. Bxf3 Ne5 10. Bb2 Re8 11. Nd2 a5 12. Ne4 Qe7 13. Nxc5 Qxc5 14. Re1
Ra6 15. Qe2 Rh6 16. Rad1 Qe7 17. Rd4 d6 18. Rf4 Qg5 19. Bxe5 Rxe5 20. Bd5 Qxf4
21. exf4 Rxe2 22. Rxe2 Kf8 23. Rc2 c6 24. Bf3 Bf5 25. Rc1 Re6 26. g3 Ke7 27. c5
d5 28. g4 Be4 29. Kg2 Bxf3+ 30. Kxf3 Re4 31. Rc3 Kd7 32. Re3 Rxe3+ 33. fxe3 Kc7
34. e4 dxe4+ 35. Kxe4 b6 36. Kd4 bxc5+ 37. Kxc5 f6 38. f5 h6 39. h4 Kb7 40. Kd6
Kb6 41. Ke7 Kb5 42. Kf7 a4 43. Kxg7 axb3 44. axb3 Kb4 45. Kxf6 Kxb3 46. Ke5 c5
47. f6 c4 48. f7 c3 49. f8=Q c2 50. Qf1 Kb2 51. Kf6 c1=Q 52. Qxc1+ Kxc1 53. Kg6
Kd2 54. Kxh6 Ke3 55. g5 Kf4 56. g6 Kf5 57. g7 Kf6 58. g8=Q Kf5 {Black resigns}
1-0

[Event "Team 45 45 League T52"]
[Site "Internet Chess Club"]
[Date "2012.03.11"]
[Round "4"]
[White "jkovar"]
[Black "rayonline53"]
[Result "1-0"]
[WhiteElo "1901"]
[BlackElo "1638"]
[Opening "Ruy Lopez: Marshall, main line, 14...Qh3"]
[ECO "C89"]
[Time "15:00:26"]
[TimeControl "2700+45"]

1. e4 e5 2. Nf3 Nc6 3. Bb5 a6 4. Ba4 Nf6 5. O-O Be7 6. Re1 b5 7. Bb3 O-O 8. c3
d5 9. exd5 Nxd5 10. Nxe5 Nxe5 11. Rxe5 c6 12. d4 Bd6 13. Re1 Qh4 14. g3 Qh3 15.
Qe2 Bg4 16. Qf1 Qh5 17. Be3 Bh3 18. Qe2 Bg4 19. Qd3 Bf5 20. Qd2 Bg4 21. Na3 Rae8
22. Nc2 Bf3 23. Qd3 Re4 24. Bg5 Nf4 25. Bxf4 Rxf4 26. Re3 Rh4 27. Rxf3 Rxh2 28.
Kf1 Rh1+ 29. Ke2 Rxa1 30. Nxa1 Kh8 31. Nc2 c5 32. dxc5 Bxc5 33. Qf5 Re8+ 34. Ne3
Rxe3+ 35. fxe3 Qh2+ 36. Rf2 {Black resigns} 1-0

[Event "Team 45 45 League T52"]
[Site "Internet Chess Club"]
[Date "2012.03.11"]
[Round "4"]
[White "nursey"]
[Black "JMB2009"]
[Result "1/2-1/2"]
[WhiteElo "1607"]
[BlackElo "1819"]
[Opening "King's Indian, 3.Nf3"]
[ECO "D74"]
[Time "17:04:12"]
[TimeControl "2700+45"]

1. d4 Nf6 2. Nf3 g6 3. c4 Bg7 4. g3 O-O 5. Bg2 d5 6. cxd5 Nxd5 7. e4 Nb6 8. O-O
Bg4 9. Be3 Nc6 10. e5 Qd7 11. Nc3 Rad8 12. Rc1 f6 13. Qb3+ Be6 14. Qc2 fxe5 15.
Nxe5 Nxe5 16. dxe5 Bxe5 17. Bxb7 Bxc3 18. Qxc3 Nd5 19. Bxd5 Bxd5 20. Qxc7 Qh3
21. f3 Rc8 22. Qxa7 Bxf3 23. Rf2 Rxc1+ 24. Bxc1 e5 25. Qe7 e4 26. Be3 Rc8 27.
Bh6 Qxh6 28. Qe6+ Kg7 29. Qxc8 Qg5 30. Kf1 Qb5+ 31. Ke1 g5 32. Qe6 Qd3 33. Qe7+
Kg6 34. Qe8+ Kg7 35. Qe5+ Kg6 36. Qe6+ Kg7 37. Qb3 Qb1+ 38. Kd2 g4 39. Qc3+ Kg6
40. a3 Qa2 41. Ke3 Qd5 42. b4 Qg5+ 43. Kd4 Qf6+ 44. Kc4 Qe6+ 45. Kb5 e3 46. Rc2
e2 47. Rc1 Qd7+ 48. Kb6 Qb7+ 49. Ka5 Qa7+ 50. Kb5 Qd7+ 51. Kc5 Qd5+ 52. Kb6 Qb7+
53. Kc5 Qc6+ 54. Kd4 Qe4+ 55. Kc5 Qd5+ {Game drawn by mutual agreement} 1/2-1/2

[Event "Team 45 45 League T52"]
[Site "Internet Chess Club"]
[Date "2012.03.13"]
[Round "4"]
[White "Hal2001"]
[Black "Giacometti"]
[Result "1/2-1/2"]
[WhiteElo "1671"]
[BlackElo "1645"]
[Opening "Caro-Kann: exchange, Rubinstein variation"]
[ECO "B13"]
[Time "12:00:05"]
[TimeControl "2700+45"]

1. e4 c6 2. d4 d5 3. exd5 cxd5 4. Bd3 Nc6 5. c3 Nf6 6. Bf4 Bg4 7. Qb3 Qc8 8. h3
Bh5 9. g4 Bg6 10. Bxg6 hxg6 11. g5 Nh5 12. Bh2 e6 13. Nf3 Be7 14. h4 O-O 15. O-O
Na5 16. Qd1 Nc4 17. Qe2 Qd8 18. b3 Nd6 19. Nbd2 Nf5 20. Rae1 Bd6 21. Bxd6 Qxd6
22. Ne5 Nxh4 23. Qg4 Nf5 24. Kg2 Kh7 25. Rh1 Rh8 26. Nxf7 Qc7 27. Ne5 Raf8 28.
Rh3 Qe7 29. Rxh5+ gxh5 30. Qxh5+ Nh6 31. Ndf3 Rf5 32. Qg6+ Kg8 33. Rh1 Nf7 34.
Rxh8+ Kxh8 35. Qh5+ Kg8 36. Ng6 Rxg5+ 37. Nxg5 Qxg5+ 38. Qxg5 Nxg5 {Game drawn
by mutual agreement} 1/2-1/2

[Event "Team 45 45 League T52"]
[Site "Internet Chess Club"]
[Date "2012.03.11"]
[Round "4"]
[White "Kristian1974"]
[Black "JPB2010"]
[Result "1-0"]
[WhiteElo "1635"]
[BlackElo "1231"]
[Opening "Pirc defense"]
[ECO "B07"]
[Time "14:35:07"]
[TimeControl "2700+45"]

1. e4 d6 2. d4 Nf6 3. Nc3 Nbd7 4. f4 e5 5. Nf3 exd4 6. Qxd4 c6 7. Bc4 b5 8. Bd3
h6 9. O-O d5 10. Qf2 Bc5 11. Nd4 Ng4 12. Qg3 Bxd4+ 13. Kh1 Bxc3 14. Qxg4 Nc5 15.
Qe2 Bf6 16. exd5+ Be7 17. dxc6 Nxd3 18. cxd3 Qd5 19. Re1 Be6 20. b3 Qxc6 21. f5
Kd7 22. fxe6+ Qxe6 23. Be3 Rhe8 24. Qf3 Qf6 25. Qb7+ Kd8 26. Qxa8+ Kd7 27. Qxa7+
{Black resigns} 1-0

[Event "Team 45 45 League T52"]
[Site "Internet Chess Club"]
[Date "2012.03.11"]
[Round "4"]
[White "crazyhorses"]
[Black "ScotchYeti"]
[Result "0-1"]
[WhiteElo "1538"]
[BlackElo "1702"]
[Opening "Sicilian defense"]
[ECO "B40"]
[Time "17:02:34"]
[TimeControl "2700+45"]

1. e4 c5 2. Nf3 e6 3. b3 a6 4. Bb2 Nc6 5. g3 Nge7 6. Bg2 Ng6 7. O-O Qc7 8. d4
cxd4 9. Nxd4 Nxd4 10. Qxd4 e5 11. Qd5 d6 12. c4 Be6 13. Qd3 Be7 14. Nc3 O-O 15.
Rac1 Rad8 16. Nd5 Bxd5 17. cxd5 Qd7 18. h4 Rfe8 19. h5 Nf8 20. Qf3 Rc8 21. Rxc8
Rxc8 22. Rc1 Bg5 23. Rxc8 Qxc8 24. Ba3 Be7 25. h6 gxh6 26. Qh5 Qc2 27. Qxh6 Ng6
28. Qe3 Qxa2 29. Bb4 a5 30. Be1 b5 31. Qb6 a4 32. bxa4 bxa4 33. Bc3 a3 34. Bf1
Qc2 35. Qb4 a2 36. Qb2 Qb1 37. f3 Bd8 38. Qb8 Qxb8 {White resigns} 0-1

[Event "Team 45 45 League T52"]
[Site "Internet Chess Club"]
[Date "2012.03.10"]
[Round "4"]
[White "cBishop"]
[Black "Whalen"]
[Result "1-0"]
[WhiteElo "1666"]
[BlackElo "1641"]
[Opening "Queen's gambit declined"]
[ECO "D30"]
[Time "11:00:39"]
[TimeControl "2700+45"]

1. d4 e6 2. c4 d5 3. Bf4 Nf6 4. e3 c6 5. Nf3 Bb4+ 6. Nc3 Ne4 7. Qc2 O-O 8. Bd3
f5 9. Ne5 Bd6 10. O-O-O Nd7 11. Nxd7 Qxd7 12. Bxd6 Qxd6 13. c5 Qc7 14. f4 b6 15.
Na4 Bd7 16. g4 b5 17. Nc3 Qa5 18. Bxe4 fxe4 19. Kb1 b4 20. Ne2 Bc8 21. Nc1 Ba6
22. b3 Bb5 23. h4 Qc7 24. h5 h6 25. Rdg1 a5 26. g5 hxg5 27. Rxg5 Rf6 28. h6 g6
29. h7+ Kg7 30. Qh2 Qf7 31. h8=Q+ {Black resigns} 1-0

[Event "Team 45 45 League T52"]
[Site "Internet Chess Club"]
[Date "2012.03.09"]
[Round "4"]
[White "ElmerHo"]
[Black "elessar"]
[Result "1/2-1/2"]
[WhiteElo "1483"]
[BlackElo "1592"]
[Opening "Petrov: classical attack, Jaenisch variation"]
[ECO "C42"]
[Time "19:00:12"]
[TimeControl "2700+45"]

1. e4 e5 2. Nf3 Nf6 3. Nxe5 d6 4. Nf3 Nxe4 5. d4 d5 6. Bd3 Be7 7. O-O Nc6 8. c4
Nf6 9. h3 O-O 10. Nc3 dxc4 11. Bxc4 Na5 12. Be2 Nd5 13. a3 Be6 14. Nxd5 Bxd5 15.
b4 Nc4 16. Qc2 Nb6 17. Rd1 Nd7 18. Be3 Nf6 19. Nd2 Re8 20. Bf3 Bxf3 21. Nxf3 Nd5
22. Bc1 Bf6 23. Bb2 Qd6 {Game drawn by mutual agreement} 1/2-1/2

[Event "Team 45 45 League T52"]
[Site "Internet Chess Club"]
[Date "2012.03.16"]
[Round "4"]
[White "cepheid"]
[Black "KnightDwarf"]
[Result "1-0"]
[WhiteElo "1594"]
[BlackElo "1494"]
[Opening "Sicilian: Alapin's variation (2.c3)"]
[ECO "B22"]
[Time "20:00:40"]
[TimeControl "2700+45"]

1. e4 c5 2. c3 d5 3. exd5 Qxd5 4. d4 Nc6 5. Nf3 Bg4 6. Be2 Nf6 7. h3 Bh5 8. c4
Qd8 9. d5 Bxf3 10. Bxf3 Ne5 11. O-O e6 12. dxe6 Qxd1 13. exf7+ Kxf7 14. Bxd1
Nxc4 15. Bb3 b5 16. Na3 Re8 17. Nxb5 {Black resigns} 1-0

[Event "Team 45 45 League T52"]
[Site "Internet Chess Club"]
[Date "2012.03.11"]
[Round "4"]
[White "frontier"]
[Black "Greedy-Reedy"]
[Result "1/2-1/2"]
[WhiteElo "2004"]
[BlackElo "2026"]
[Opening "English: symmetrical, Rubinstein system"]
[ECO "A16"]
[Time "07:02:06"]
[TimeControl "2700+45"]

1. c4 Nf6 2. Nc3 c5 3. g3 d5 4. cxd5 Nxd5 5. Bg2 Nc7 6. Nf3 Nc6 7. O-O e5 8. d3
Be7 9. Nd2 Bd7 10. a4 O-O 11. Nc4 f6 12. f4 exf4 13. Bxf4 Ne6 14. Bd2 Kh8 15.
Nd5 Rb8 16. Bc3 b6 17. e3 Nc7 18. Nxe7 Nxe7 19. Be4 Bc6 20. Qf3 Bxe4 21. Qxe4
Ned5 22. Bd2 Qd7 23. Qh4 Rbe8 24. e4 Ne7 25. Rf3 Ng6 26. Qh5 Ne5 27. Nxe5 Qd4+
28. Be3 Qxe5 29. Qxe5 fxe5 {Game drawn by mutual agreement} 1/2-1/2

[Event "Team 45 45 League T52"]
[Site "Internet Chess Club"]
[Date "2012.03.13"]
[Round "4"]
[White "Heraclito"]
[Black "bogolijubov"]
[Result "1-0"]
[WhiteElo "2134"]
[BlackElo "1870"]
[Opening "English: four knights, kingside fianchetto"]
[ECO "A29"]
[Time "14:12:56"]
[TimeControl "2700+45"]

1. c4 e5 2. Nc3 Nf6 3. Nf3 Nc6 4. g3 d5 5. cxd5 Nxd5 6. Bg2 Nb6 7. O-O Be7 8. a3
Be6 9. b4 O-O 10. Rb1 f6 11. d3 a5 12. b5 Nd4 13. Nd2 Bd5 14. Nxd5 Nxd5 15. Bb2
a4 16. Ba1 Bxa3 17. e3 Ne6 18. Qc2 Nb6 19. Bxb7 Rb8 20. Bg2 Be7 21. Qa2 Qd7 22.
Bh3 f5 23. Bxe5 Qd5 24. Qxd5 Nxd5 25. e4 Nb4 26. Bxf5 Ng5 27. Bxc7 Rxb5 28. f4
Rb7 29. Rfc1 a3 30. fxg5 a2 31. Be6+ Kh8 32. Bxa2 Nxa2 33. Rxb7 Nxc1 34. Be5 Re8
35. d4 Nd3 36. Nf3 {Black resigns} 1-0

[Event "Team 45 45 League T52"]
[Site "Internet Chess Club"]
[Date "2012.03.11"]
[Round "4"]
[White "tsia68"]
[Black "The7thGuest"]
[Result "0-1"]
[WhiteElo "1733"]
[BlackElo "2055"]
[Opening "English opening"]
[ECO "A05"]
[Time "09:08:33"]
[TimeControl "2700+45"]

1. Nf3 Nf6 2. c4 g6 3. b4 Bg7 4. Bb2 O-O 5. g3 b6 6. Bg2 Bb7 7. O-O d6 8. d3
Nbd7 9. Nc3 c5 10. a3 e6 11. e3 d5 12. cxd5 Nxd5 13. Qd2 cxb4 14. Nxd5 Bxb2 15.
Qxb2 bxa3 16. Rxa3 Bxd5 17. Nd4 Bxg2 18. Kxg2 Nc5 19. Nb5 Nxd3 20. Qb1 Nc5 21.
Nxa7 Qb8 22. Qa1 Qb7+ 23. Kg1 Ne4 24. f3 Nd2 {White resigns} 0-1

[Event "Team 45 45 League T52"]
[Site "Internet Chess Club"]
[Date "2012.03.11"]
[Round "4"]
[White "BuddyT"]
[Black "CapitanTrueno"]
[Result "1-0"]
[WhiteElo "1786"]
[BlackElo "1802"]
[Opening "King's Indian: Gligoric-Taimanov system"]
[ECO "E92"]
[Time "18:00:36"]
[TimeControl "2700+45"]

1. d4 Nf6 2. Nf3 g6 3. c4 Bg7 4. Nc3 O-O 5. e4 d6 6. Be2 e5 7. Be3 Ng4 8. Bg5 f6
9. Bh4 c6 10. O-O Nh6 11. dxe5 dxe5 12. Qc2 Nf7 13. Rad1 Qc7 14. Bg3 Be6 15. Nd4
Bd7 16. Nb3 Be6 17. Nc5 Bc8 18. b4 b6 19. Nb3 Be6 20. Nd4 Bd7 21. b5 cxb5 22.
Nd5 Qb7 23. Nxb5 Nc6 24. c5 bxc5 25. Qxc5 Nd4 26. Nxd4 exd4 27. Rb1 {Black
resigns} 1-0

[Event "Team 45 45 League T52"]
[Site "Internet Chess Club"]
[Date "2012.03.11"]
[Round "4"]
[White "Pason"]
[Black "steadman"]
[Result "1/2-1/2"]
[WhiteElo "2056"]
[BlackElo "2180"]
[Opening "King's Indian: fianchetto, Panno variation"]
[ECO "E63"]
[Time "15:01:17"]
[TimeControl "2700+45"]

1. d4 Nf6 2. Nf3 g6 3. c4 Bg7 4. g3 O-O 5. Bg2 d6 6. O-O Nc6 7. Nc3 a6 8. e4 Bg4
9. h3 Bxf3 10. Bxf3 Nd7 11. Be3 e5 12. d5 Nd4 13. Bg2 c5 14. dxc6 bxc6 15. Ne2
c5 16. Nc3 Rb8 17. Qd2 f5 18. f4 exf4 19. Bxf4 Ne5 20. exf5 gxf5 21. Rad1 Kh8
22. b3 Qe7 23. Kh1 Rbe8 24. Nd5 Qf7 25. Be3 Qg6 26. Bxd4 cxd4 27. Qxd4 Qxg3 28.
Qf4 Qg6 29. Rg1 Bh6 30. Qd4 Qg3 31. Bf1 Qf3+ 32. Bg2 Qg3 33. Bf1 Qf3+ 34. Bg2
{Game drawn by mutual agreement} 1/2-1/2

[Event "Team 45 45 League T52"]
[Site "Internet Chess Club"]
[Date "2012.03.09"]
[Round "4"]
[White "Kueh"]
[Black "poni"]
[Result "1-0"]
[WhiteElo "1965"]
[BlackElo "1857"]
[Opening "Pirc defense"]
[ECO "B07"]
[Time "12:03:00"]
[TimeControl "2700+45"]

1. e4 d6 2. d4 Nf6 3. Nc3 e5 4. dxe5 dxe5 5. Qxd8+ Kxd8 6. Bc4 Be6 7. Bxe6 fxe6
8. Bg5 Bd6 9. O-O-O Ke7 10. a4 a6 11. Nf3 Nd7 12. Nd2 Rhb8 13. a5 b5 14. axb6
Nxb6 15. f3 a5 16. Be3 Nfd7 17. Nb5 a4 18. Na3 Ra5 19. Ndb1 Rb7 20. Rd3 Ra8 21.
Rhd1 Rab8 22. Nc3 Nc5 23. R3d2 Ncd7 24. Ncb5 Nc8 25. c4 Nc5 26. Bxc5 Bxc5 27.
Rd7+ Kf6 28. Rxc7 Rxc7 29. Nxc7 Bxa3 30. bxa3 Rb3 31. Rd7 Rc3+ 32. Kd2 Rxc4 33.
Ne8+ Kg5 34. Rxg7+ Kh6 35. g4 Rd4+ 36. Ke2 Rc4 37. h4 Rc3 38. g5+ Kh5 39. Rxh7+
Kg6 40. Rc7 Rxc7 41. Nxc7 Kh5 42. Nxe6 Kxh4 43. g6 Ne7 44. g7 Kh5 45. Nd8 Kg6
46. Nc6 Ng8 47. Nxe5+ Kxg7 48. Nd7 Kf7 49. Nc5 Nf6 50. Nxa4 Nd7 51. f4 {Black
resigns} 1-0

[Event "Team 45 45 League T52"]
[Site "Internet Chess Club"]
[Date "2012.03.11"]
[Round "4"]
[White "expectnomercy"]
[Black "RdgMx"]
[Result "0-1"]
[WhiteElo "1782"]
[BlackElo "1857"]
[Opening "English opening"]
[ECO "A20"]
[Time "09:01:12"]
[TimeControl "2700+45"]

1. c4 e5 2. g3 Nf6 3. Bg2 Bc5 4. Nc3 O-O 5. e3 Bb4 6. Nge2 Bxc3 7. Nxc3 c5 8.
O-O Nc6 9. a3 d6 10. Rb1 Be6 11. Nd5 Re8 12. b4 Bxd5 13. cxd5 Ne7 14. bxc5 Nexd5
15. cxd6 b6 16. Rb5 Qxd6 17. Bb2 Rac8 18. Qa4 Qd7 19. Qb3 e4 20. Bxf6 Nxf6 21.
Qb2 Rc4 22. Rb4 Rxb4 23. Qxb4 Qf5 24. f3 exf3 25. Rxf3 Qd7 26. Rf4 Rc8 27. Kf2
h5 28. h3 Rc5 29. Rd4 Qe7 30. Rc4 Nd7 31. Rxc5 Nxc5 32. Ke2 Qd6 33. Qf4 Qd3+ 34.
Ke1 Qb1+ 35. Ke2 Qb5+ 36. Kd1 Qb3+ 37. Ke2 Qd3+ 38. Ke1 Qxa3 39. Qb8+ Kh7 40.
Bd5 Qa1+ 41. Ke2 Qa6+ 42. Kf2 Nd3+ 43. Kf3 Ne1+ 44. Kf2 Nd3+ 45. Kf3 Nc5 46.
Be4+ Nxe4 47. Kxe4 Qc4+ 48. d4 Qe6+ 49. Kd3 Qb3+ 50. Ke2 Qc2+ 51. Kf3 Qc6+ 52.
Kf2 a5 53. d5 Qxd5 54. Qxb6 a4 55. Qb1+ g6 56. g4 a3 57. Kg3 a2 58. Qa1 Qb3 59.
Kf3 hxg4+ 60. hxg4 Qb1 61. Qe5 a1=Q {White resigns} 0-1

[Event "Team 45 45 League T52"]
[Site "Internet Chess Club"]
[Date "2012.03.13"]
[Round "4"]
[White "CaoCao"]
[Black "pkktet"]
[Result "1/2-1/2"]
[WhiteElo "1869"]
[BlackElo "1841"]
[Opening "Caro-Kann: Bronstein-Larsen variation"]
[ECO "B16"]
[Time "10:08:22"]
[TimeControl "2700+45"]

1. e4 c6 2. d4 d5 3. Nc3 dxe4 4. Nxe4 Nf6 5. Nxf6+ gxf6 6. Nf3 Bf5 7. c3 e6 8.
Nh4 Bg6 9. Nxg6 hxg6 10. Qb3 Qc7 11. g3 Nd7 12. Bg2 Bd6 13. O-O O-O-O 14. c4 c5
15. Be3 g5 16. dxc5 Bxc5 17. Rfd1 Bxe3 18. Qxe3 Kb8 19. Rd3 Nc5 20. Rxd8+ Rxd8
21. b4 Nd3 22. c5 Nxb4 23. Rb1 Nc6 24. Qf3 Kc8 25. Qxf6 {Game drawn by mutual
agreement} 1/2-1/2